 Dungeon Crawl Stone Soup version 0.28.0-53-g5a82cb258f (webtiles) character file.

Game seed: 12354937070907642755

341 hawla the Sneak (level 6, 0/25 HPs)
             Began as a Felid Fire Elementalist on May 24, 2022.
             Killed from afar by an orc wizard (7 damage)
             ... with a magic dart
             ... on level 4 of the Dungeon.
             The game lasted 00:11:44 (5415 turns).

hawla the Sneak (Felid Fire Elementalist)           Turns: 5415, Time: 00:11:45

Health: 0/25       AC:  2    Str:  4    XL:     6   Next: 30%
Magic:  0/11       EV: 19    Int: 18    God:
Gold:   190        SH:  5    Dex: 17    Spells: 5/11 levels left
                                        Lives:  0   Deaths: 1

rFire   . . .      SeeInvis +     - Unarmed
rCold   . . .      Faith    .   (shield unavailable)
rNeg    . . .      Spirit   .   (armour unavailable)
rPois   .          Reflect  +   (helmet unavailable)
rElec   .          Harm     .   (cloak unavailable)
rCorr   +          Rampage  .   (gloves unavailable)
Will    .....                   (boots unavailable)
Stlth   +++.......              b - amulet of reflection
HPRegen 0.08/turn               c - ring of resist corrosion
MPRegen 0.12/turn               (no ring)

@: very slightly contaminated, quick
A: very small, claws 1, fangs 3, see invisible, speed 1, shaggy fur 2, stealthy
paws, no weapons or thrown items, no armour, multi-lived
a: no special abilities


You were on level 4 of the Dungeon.
You visited 2 branches of the dungeon, and saw 7 of its levels.

You collected 190 gold pieces.

Inventory:

Jewellery
 a - an amulet of regeneration
 b - an amulet of reflection (around neck)
 c - a ring of resist corrosion (left paw)
 i - a +6 ring of intelligence
 j - a ring of ice
Wands
 m - a wand of acid (10)
 n - a wand of iceblast (11)
Scrolls
 d - 2 scrolls of amnesia
 g - 2 scrolls of teleportation
 h - a scroll of identify
Potions
 e - 3 potions of curing
 f - a potion of ambrosia
 l - a potion of might


   Skills:
 + Level 0.4 Fighting
 + Level 4.5 Dodging
 - Level 4.5 Stealth
 - Level 1.0 Unarmed Combat
 - Level 3.3 Spellcasting
 * Level 2.0 Conjurations
 + Level 4.2 Fire Magic
 * Level 0.7 Earth Magic


You had 5 spell levels left.
You knew the following spells:

 Your Spells              Type           Power      Damage    Failure   Level
a - Foxfire               Conj/Fire      56%        2x1d6     4%          1
b - Scorch                Fire           36%        2d6       4%          2
c - Stone Arrow           Conj/Erth      14%        3d7       26%         3

Your spell library contained the following spells:

 Spells                   Type           Power      Damage    Failure   Level
 Sandblast                Erth           10%        2d5       12%         1
 Conjure Flame            Conj/Fire      14%        6-21      13%         3
 Passwall                 Tmut/Erth      3%         N/A       21%         2
 Inner Flame              Hex/Fire       10%        N/A       21%         3
 Flame Wave               Conj/Fire      14%        2d6       41%         4
 Blade Hands              Tmut           1%         N/A       99%         5
 Portal Projectile        Hex/Tloc       Unusable   N/A       N/A         3
 Excruciating Wounds      Necr           Unusable   N/A       N/A         5

Dungeon Overview and Level Annotations

Branches:
Dungeon (6/15)             Temple (1/1) D:4

Altars:
Ashenzari
Cheibriados
Elyvilon
Fedhas
Gozag
Hepliaklqana
Nemelex Xobeh
Qazlal
Ru
Sif Muna
Uskayaw
Yredelemnul
Zin
The Shining One

Shops:
D:5 *


Innate Abilities, Weirdness & Mutations

You have sharp claws.
You have razor-sharp teeth.
You have supernaturally acute eyesight. (SInv)
You cover ground quickly. (Speed+)
You are covered in thick fur. (AC +2)
Your paws help you pounce on unaware monsters.
You are incapable of wielding weapons or throwing items.
You cannot wear armour.
You gain extra lives every three experience levels.


Message History

Casting: Scorch (safe; 4% risk of failure)
Confirm with . or Enter, or press ? or * to list all spells.
There is not enough space to conjure foxfire!
Casting: Foxfire (safe; 4% risk of failure)
Confirm with . or Enter, or press ? or * to list all spells.
Flames lash the orc.
You kill the orc!
The orc wizard misses you.
Unknown command.
The foxfire hits the orc wizard.
The orc wizard is moderately wounded.
Things that are here:
a +0 hand axe; a +0 leather armour; an orc corpse You completely miss the orc wizard.
The orc wizard is moderately wounded.
The orc wizard is no longer more vulnerable to fire.
The orc wizard casts a spell at you.
You easily resist.
You closely miss the orc wizard.
The orc wizard is moderately wounded.
The orc wizard gestures at you while chanting.
The magic dart hits you!
Casting: Scorch (safe; 4% risk of failure)
Confirm with . or Enter, or press ? or * to list all spells.
You miscast Foxfire.
You are very lightly contaminated with residual magic.
Nothing appears to happen.
The orc wizard barely misses you. The orc wizard closely misses you.
There is a stone staircase leading up, spattered with blood here.
Things that are here:
a +0 dagger; a goblin skeleton The orc wizard casts a spell at you.
The magic dart hits you.
* * * LOW HITPOINT WARNING * * *
Things that are here:
a +0 short sword; a kobold skeleton You see here a +0 club.
The orc wizard gestures at you while chanting.
The magic dart hits you!
You die...

...................# #.#
########.....####### #.# #
###.....##### #.# # #...........#
#.# # #.#.....###.# #.# #
#.#.....# #.# #.# #.###.### #.#
#.# #.### #.# #.# #.# #(# #....
#.# #.#####@#####)########## #.#
#..(.....))o<)...[.....o
######.###.###.....#)############
...........##........#
.#####.###.#.....[...#
...###.###.#........##
##.................##
##..######.####...## ....# #.#
##.##


You could see an orc wizard.

Vanquished Creatures
  An ogre (D:5)
  A hound (D:4)
  2 orc wizards (D:4)
  7 adders
  2 worms
  3 dart slugs
  8 orcs
  4 bats
  6 endoplasms
  5 giant cockroaches
  4 goblins
  9 hobgoblins
  4 jackals (D:2)
  14 kobolds
  A quokka (D:2)
  10 ball pythons
  2 frilled lizards (D:3)
  7 rats
90 creatures vanquished.

Vanquished Creatures (others)
  A bullfrog (D:6)
  185 foxfires
186 creatures vanquished.

Grand Total: 276 creatures vanquished

Notes
Turn   | Place    | Note
-------+----------+-------------------------------------------
     0 | D:1      | hawla the Felid Fire Elementalist began the quest for the
                  | Orb.
     0 | D:1      | Reached XP level 1. HP: 7/7 MP: 4/4
   647 | D:1      | Found a faded altar of an unknown god.
   672 | D:1      | Reached XP level 2. HP: 11/11 MP: 4/6
   752 | D:1      | Reached skill level 1 in Conjurations
  1757 | D:2      | Reached XP level 3. HP: 14/14 MP: 3/7
  2819 | D:3      | Learned a level 2 spell: Scorch
  2829 | D:2      | Reached XP level 4. HP: 12/18 MP: 0/8
  3673 | D:3      | You fall into a shaft and drop 3 floors!
  3673 | D:6      | Noticed a steam dragon
  3673 | D:6      | Noticed a yak
  3673 | D:6      | Noticed a bullfrog
  3686 | D:6      | Killed from afar by a steam dragon
  3687 | D:6      | Reached XP level 3. HP: -21/14 MP: 0/7
  3688 | D:6      | Killed a bullfrog
  3689 | D:6      | Reached XP level 4. HP: 18/18 MP: 7/9
  3698 | D:5      | Entered Level 5 of the Dungeon
  3698 | D:5      | Noticed an ogre
  3703 | D:5      | Killed an ogre
  3704 | D:5      | Reached XP level 5. HP: 21/21 MP: 1/10
  3778 | D:5      | Found Gahuat's General Store.
  3936 | D:4      | Reached skill level 1 in Unarmed Combat
  3975 | D:4      | Found a shimmering blue altar of Sif Muna.
  4023 | D:4      | Found a staircase to the Ecumenical Temple.
  4037 | Temple   | Entered the Ecumenical Temple
  4111 | Temple   | Learned a level 3 spell: Stone Arrow
  4389 | D:3      | Found a white marble altar of Elyvilon.
  4389 | D:3      | Found a stormy altar of Qazlal.
  4603 | D:3      | Found a glowing golden altar of the Shining One.
  4621 | D:3      | Gained mutation: You are covered in thick fur. (AC +2)
                  | [Felid growth]
  4621 | D:3      | Reached XP level 6. HP: 25/25 MP: 11/11
  5415 | D:4      | Killed from afar by an orc wizard

Illustrated notes

Levels and vault maps discovered:
D:1:      kennysheep_arrival_forest, layout_loops_ring, basic_ecumenical_altar,
          minmay_small_reverse_x
D:2:      layout_rooms, chequers_avenue, chequers_serial_rivers_micro_c,
          minmay_joined_circles
D:3:      layout_loops_ring, nicolae_overflow_crystal_walls,
          grunt_temple_overflow_open
D:4:      layout_loops_ring, nicolae_dithmenos_shadow_blocks, tgw_sif,
          minmay_temple_entry_glass
D:5:      layout_rooms, jmf_multi_god_temple2, serial_shops,
          nicolae_shop_statue_plus
D:6:      minmay_razor_zed, layout_rooms,
          grunt_temple_overflow_champion_of_chaos, uniq_blork_the_orc
Temple:   compressed_dpeg_circular_temple

Skill      XL: |  1  2  3  4  5  6 |
---------------+-------------------+-----
Fire Magic     | 3 4 |  4.2
Stealth        | 3 4 |  4.5
Conjurations   | 1 2 |  2.0
Dodging        | 3 4 |  4.5
Spellcasting   | 3 |  3.3
Unarmed Combat | 1 |  1.0
Fighting       | |  0.4
Earth Magic    | |  0.7

Action                   |  1- 3 |  4- 6 || total
-------------------------+-------+-------++-------
Melee: Unarmed           |    57 |    52 ||   109
       Bite              |     7 |     6 ||    13
       Punch             |     1 |     1 ||     2
 Cast: Foxfire           |    58 |    56 ||   114
       Scorch            |     2 |    22 ||    24
  Use: Scroll            |     3 |     8 ||    11
       Potion            |       |     1 ||     1
 Stab: Sleeping          |     5 |     8 ||    13
Armor: Skin              |     6 |     1 ||     7
Dodge: Dodged            |    94 |    91 ||   185
Block: Other             |       |    18 ||    18
       Reflection        |       |     1 ||     1
